 Dungeon Crawl Stone Soup version 0.20.1-1-g8b1a95d (webtiles) character file.

232 grizmgrazm2 the Chopper (level 6, 0/55 HPs)
             Began as a Hill Orc Fighter on Oct 21, 2017.
             Killed by nerve-wracking pain
             ... invoked by an orc priest
              (7 damage)
             ... on level 4 of the Dungeon.
             The game lasted 00:06:57 (2704 turns).

grizmgrazm2 the Chopper (Hill Orc Fighter)          Turns: 2704, Time: 00:06:57

Health: 0/55       AC:  7    Str: 21    XL:     6   Next: 4%
Magic:  6/6        EV:  7    Int:  8    God:
Gold:   190        SH: 12    Dex: 10    Spells: 5/5 levels left

rFire    . . .     SeeInvis .   a - +0 war axe
rCold    . . .     Gourm    .   c - +0 shield
rNeg     . . .     Faith    .   b - +0 scale mail
rPois    .         Spirit   .   (no helmet)
rElec    .         Reflect  +   q - scarf {repulsion}
rCorr    .         Harm     .   (no gloves)
MR       .....                  (no boots)
Stlth    ..........             s - +3 amulet of reflection
Regen    0.2/turn               (no ring)
MPRegen  0.1/turn               (no ring)

@: hasted, repel missiles, very quick
A: no striking features
a: Convert to Beogh


You were on level 4 of the Dungeon.
You were not hungry.

You visited 1 branch of the dungeon, and saw 4 of its levels.

You collected 190 gold pieces.

Inventory:

Hand Weapons
 a - a +0 war axe (weapon)
Armour
 b - a +0 scale mail (worn)
 c - a +0 shield (worn)
 q - a scarf of repulsion (worn)
Jewellery
 s - a +3 amulet of reflection (around neck)
Scrolls
 d - a scroll of enchant weapon {unknown}
 e - 2 scrolls of blinking {unknown}
 h - 3 scrolls of immolation {unknown}
 i - a scroll of remove curse {unknown}
 j - 2 scrolls of identify {unknown}
 l - a scroll of noise {unknown}
 m - a scroll of recharging {unknown}
 n - 4 scrolls of enchant armour {unknown}
 o - 3 scrolls of teleportation {unknown}
 p - a scroll of random uselessness {unknown}
 t - a scroll of fog {unknown}
Potions
 g - a potion of haste
 k - a potion of brilliance {unknown}
Comestibles
 f - a bread ration
 r - 3 fruits


   Skills:
 + Level 4.8 Fighting
 + Level 5.4 Axes
 + Level 4.0 Armour
 + Level 0.2 Dodging
 + Level 4.4 Shields


You had 5 spell levels left.
You didn't know any spells.

Dungeon Overview and Level Annotations

Branches:
Dungeon (4/15)
 Temple: D:4-7

Altars:
Elyvilon
Okawaru
Zin
The Shining One

Annotations:
D:4 Grinder


Message History

Pain shoots through your body!
You are too injured to fight recklessly!
You are too injured to fight recklessly!
You feel yourself speed up.
The orc priest calls down the wrath of Beogh upon you.
Beogh smites you!
* * * LOW HITPOINT WARNING * * *
You block Grinder's attack.
Found 16 gold pieces.
Grinder gestures at you.
You barely resist.
Found a scroll labeled JEOHOAHURU.
The orc priest looks encouraged for a moment.
Found 17 gold pieces.
The orc priest calls down the wrath of Beogh upon you.
Beogh smites you!
* * * LOW HITPOINT WARNING * * *
The orc priest invokes the aid of Beogh against you.
Pain shoots through your body!
You die...

######### #....)..#
####(>..@..##.
########.)o.......?..#
##........##o......###..
.......#####.....^$#
..#.)5.####..........$
.##....##5............
.....?...####..........
.......#...............
...(............######


You could see Grinder, an orc priest and an orc wizard.

Vanquished Creatures
  Terence (D:2)
  An orc wizard (D:3)
  Robin (D:2)
  3 gnolls (D:2)
  An adder (D:2)
  An ooze (D:1)
  5 worms
  4 dart slugs
  5 leopard geckos
  5 orcs
  9 giant cockroaches
  14 goblins
  13 hobgoblins
  4 jackals (D:1)
  2 quokkas
  A ball python (D:1)
  3 bats
  3 frilled lizards
  5 kobolds
  13 rats
94 creatures vanquished.

Notes
Turn   | Place    | Note
-------+----------+-------------------------------------------
     0 | D:1      | grizmgrazm2 the Hill Orc Fighter began the quest for the Orb.
     0 | D:1      | Reached XP level 1. HP: 19/19 MP: 1/1
     1 | D:1      | Found a runed door.
    28 | D:1      | Reached XP level 2. HP: 20/27 MP: 2/2
    48 | D:1      | Reached skill level 3 in Axes
    62 | D:1      | Reached XP level 3. HP: 15/33 MP: 3/3
   760 | D:2      | Reached skill level 4 in Axes
   760 | D:2      | Reached XP level 4. HP: 40/40 MP: 4/4
   899 | D:2      | Noticed Robin
   917 | D:2      | Killed Robin
  1350 | D:2      | Reached XP level 5. HP: 32/47 MP: 5/5
  1580 | D:2      | Noticed Terence
  1604 | D:2      | Reached skill level 5 in Axes
  1610 | D:2      | Killed Terence
  2214 | D:3      | Found a glowing golden altar of the Shining One.
  2214 | D:3      | Found a glowing silver altar of Zin.
  2215 | D:3      | Found a white marble altar of Elyvilon.
  2523 | D:3      | Reached XP level 6. HP: 52/55 MP: 6/6
  2657 | D:4      | Found an iron altar of Okawaru.
  2679 | D:4      | Noticed Grinder
  2704 | D:4      | Killed from afar by an orc priest

Skill      XL: |  1  2  3  4  5 |
---------------+----------------+-----
Fighting       | 4 |  4.8
Axes           | 3 4 5 |  5.4
Shields        | 4 |  4.4
Armour         | 4 |  4.0
Dodging        | |  0.2

Action                   |  1- 3 |  4- 6 || total
-------------------------+-------+-------++-------
Melee: War axe           |   124 |   144 ||   268
  Use: Potion            |       |     5 ||     5
  Eat: Bread ration      |       |     2 ||     2
Armor: Scale mail        |    60 |    68 ||   128
Dodge: Dodged            |    43 |    54 ||    97
       Deflected         |       |     1 ||     1
Block: Shield            |    68 |    80 ||   148
       Reflection        |       |     3 ||     3
